| TOP OF THE 1ST |
|
Pawtucket Paw Sox batting - Pitching for Waterbury Rough Riders : LHP Ravelo Manzanillo
|
|
Pitching: LHP Ravelo Manzanillo
|
|
|
Batting: LHB Dave Haberle
|
0-0: Called Strike 0-1: Called Strike 0-2: Ball 1-2: Strikes out swinging
|
|
Batting: LHB Steven Garcia
|
0-0: Foul Ball, location: 2F 0-1: Ball 1-1: Ground out 4-3 (Groundball, 4S, EV 81.3 MPH)
|
|
Batting: RHB Brick Smith
|
0-0: Called Strike 0-1: Ball 1-1: Ball 2-1: Foul Ball, location: 2F 2-2: Foul Ball, location: 2F 2-2: Ground out 5-3 (Groundball, 56S, EV 70.6 MPH)
|
| Top of the 1st over - 0 runs, 0 hits, 0 errors, 0 left on base; Pawtucket 0 - Waterbury 0 |
| BOTTOM OF THE 1ST |
|
Waterbury Rough Riders batting - Pitching for Pawtucket Paw Sox : RHP Curtis Coward
|
|
Pitching: RHP Curtis Coward
|
|
|
Batting: RHB David Corman
|
0-0: Ball 1-0: Ball 2-0: Hit by Pitch
|
|
Batting: RHB Jack Fimple
|
0-0: Ball 1-0: Fly out, F4 (Line Drive, 4, EV 62.5 MPH)
|
|
Batting: RHB Billy Beane
|
0-0: SINGLE (Line Drive, 6D, EV 98.8 MPH) David Corman to second Runner from 2nd tries for 3rd, SAFE, no throw by LF
|
|
Batting: RHB john W Russell
|
0-0: Ball Billy Beane is caught stealing 2nd base 2-4 1-0: Called Strike 1-1: Swinging Strike 1-2: Ball 2-2: Ball 3-2: Base on Balls
|
|
Batting: RHB Dave Wilder
|
0-0: Fly out, F8 (Flyball, 8LM, EV 93.1 MPH)
|
| Bottom of the 1st over - 0 runs, 1 hit, 0 errors, 2 left on base; Pawtucket 0 - Waterbury 0 |
| TOP OF THE 2ND |
|
Pawtucket Paw Sox batting - Pitching for Waterbury Rough Riders : LHP Ravelo Manzanillo
|
|
Batting: RHB Dave Malpeso
|
0-0: Ball 1-0: Called Strike 1-1: Swinging Strike 1-2: Foul Ball, location: 2F 1-2: Foul Ball, location: 2F 1-2: SINGLE (Line Drive, 78S, EV 102.5 MPH)
|
|
Batting: LHB Jeff Stone
|
0-0: Called Strike 0-1: Called Strike 0-2: Ball 1-2: Ball 2-2: Ball 3-2: Foul Ball, location: 2F 3-2: Fly out, F7 (Flyball, 7S, EV 88.1 MPH)
|
|
Batting: RHB Robert Duran
|
0-0: SINGLE (Groundball, 34D, EV 102.5 MPH) Dave Malpeso to second Runner from 2nd tries for 3rd, SAFE, throw by RF made to third
|
|
Batting: LHB David Wiggins
|
0-0: Foul Ball, location: 2F 0-1: Foul Ball, location: 2F 0-2: Ball 1-2: Ball 2-2: Ball Robert Duran is caught stealing 2nd base 2-6 3-2: Strikes out swinging
|
| Top of the 2nd over - 0 runs, 2 hits, 0 errors, 1 left on base; Pawtucket 0 - Waterbury 0 |
| BOTTOM OF THE 2ND |
|
Waterbury Rough Riders batting - Pitching for Pawtucket Paw Sox : RHP Curtis Coward
|
|
Batting: LHB David Blume
|
0-0: Called Strike 0-1: Ball 1-1: Ball 2-1: Ball 3-1: Base on Balls
|
|
Batting: RHB Daniel Purpura
|
0-0: Fly out, F7 (Flyball, 7LS, EV 94.4 MPH)
|
|
Batting: LHB Wilson Tucker
|
0-0: Fly out, F9 (Flyball, 9D, EV 101.3 MPH)
|
|
Batting: RHB Joseph Pocoroba
|
0-0: Ball 1-0: Called Strike 1-1: Ground out 4-3 (Groundball, 4D, EV 105.0 MPH)
|
| Bottom of the 2nd over - 0 runs, 0 hits, 0 errors, 1 left on base; Pawtucket 0 - Waterbury 0 |
| TOP OF THE 3RD |
|
Pawtucket Paw Sox batting - Pitching for Waterbury Rough Riders : LHP Ravelo Manzanillo
|
|
Batting: RHB Gary Hargis
|
0-0: Ball 1-0: Ball 2-0: Called Strike 2-1: Ground out 6-3 (Groundball, 6, EV 89.4 MPH)
|
|
Batting: RHB Lenny Faedo
|
0-0: Foul Ball, location: 2F 0-1: Fly out, F4 (Flyball, 34D, EV 83.8 MPH)
|
|
Batting: LHB Dave Haberle
|
0-0: Called Strike 0-1: Ground out 4-3 (Groundball, 4, EV 91.9 MPH)
|
| Top of the 3rd over - 0 runs, 0 hits, 0 errors, 0 left on base; Pawtucket 0 - Waterbury 0 |
| BOTTOM OF THE 3RD |
|
Waterbury Rough Riders batting - Pitching for Pawtucket Paw Sox : RHP Curtis Coward
|
|
Batting: RHB David Corman
|
0-0: Foul Ball, location: 2F 0-1: Ground out 6-3 (Groundball, 6, EV 102.5 MPH)
|
|
Batting: RHB Jack Fimple
|
0-0: Ball 1-0: Ball 2-0: Fly out, F8 (Flyball, 78D, EV 105.0 MPH)
|
|
Batting: RHB Billy Beane
|
0-0: Ball 1-0: Called Strike 1-1: Fly out, F7 (Line Drive, 7D, EV 103.1 MPH)
|
| Bottom of the 3rd over - 0 runs, 0 hits, 0 errors, 0 left on base; Pawtucket 0 - Waterbury 0 |
| TOP OF THE 4TH |
|
Pawtucket Paw Sox batting - Pitching for Waterbury Rough Riders : LHP Ravelo Manzanillo
|
|
Batting: LHB Steven Garcia
|
0-0: Ball 1-0: Called Strike 1-1: Foul Ball, location: 2F 1-2: Foul Ball, location: 2F 1-2: Fly out, F9 (Flyball, 9LM, EV 98.8 MPH)
|
|
Batting: RHB Brick Smith
|
0-0: Ball 1-0: Foul Ball, location: 2F 1-1: Ground out 4-3 (Groundball, 4S, EV 87.5 MPH)
|
|
Batting: RHB Dave Malpeso
|
0-0: DOUBLE (Line Drive, 9LS, EV 110.6 MPH)
|
|
Batting: LHB Jeff Stone
|
0-0: Ground out 4-3 (Groundball, 34D, EV 103.8 MPH)
|
| Top of the 4th over - 0 runs, 1 hit, 0 errors, 1 left on base; Pawtucket 0 - Waterbury 0 |
| BOTTOM OF THE 4TH |
|
Waterbury Rough Riders batting - Pitching for Pawtucket Paw Sox : RHP Curtis Coward
|
|
Batting: RHB john W Russell
|
0-0: SOLO HOME RUN (Flyball, 78XD, EV 100.0 MPH), Distance : 413 ft
|
|
Batting: RHB Dave Wilder
|
0-0: Ball 1-0: Ground out 6-3 (Groundball, 6, EV 82.5 MPH)
|
|
Batting: LHB David Blume
|
0-0: Swinging Strike 0-1: Ball 1-1: Called Strike 1-2: Strikes out swinging
|
|
Batting: RHB Daniel Purpura
|
0-0: Ball 1-0: Ball 2-0: Called Strike 2-1: DOUBLE (Groundball, 5L, EV 103.8 MPH)
|
|
Batting: LHB Wilson Tucker
|
0-0: Ball 1-0: Called Strike 1-1: Fly out, F6 (Flyball, 56D, EV 94.4 MPH)
|
| Bottom of the 4th over - 1 run, 2 hits, 0 errors, 1 left on base; Pawtucket 0 - Waterbury 1 |
| TOP OF THE 5TH |
|
Pawtucket Paw Sox batting - Pitching for Waterbury Rough Riders : LHP Ravelo Manzanillo
|
|
Batting: RHB Robert Duran
|
0-0: Ball 1-0: Ball 2-0: Ball 3-0: Base on Balls
|
|
Batting: LHB David Wiggins
|
0-0: Ball 1-0: Called Strike 1-1: Ball 2-1: Foul Ball, location: 2F 2-2: Foul Ball, location: 2F 2-2: Ball 3-2: SINGLE (Groundball, 6M, EV 108.1 MPH) Robert Duran to second Runner from 2nd tries for 3rd, SAFE, throw by CF made to third
|
|
Batting: RHB Gary Hargis
|
0-0: Called Strike 0-1: Foul Ball, location: 7LSF, Error on foul ball, E7 0-2: Ball 1-2: Foul Ball, location: 2F 1-2: Fly out, F4 (Flyball, 34D, EV 90.6 MPH)
|
|
Batting: RHB Lenny Faedo
|
0-0: Called Strike 0-1: Ball 1-1: Ball 2-1: Ball 3-1: Base on Balls David Wiggins to second
|
|
Batting: LHB Dave Haberle
|
0-0: Ball 1-0: Ball 2-0: Called Strike 2-1: Called Strike 2-2: Strikes out swinging
|
|
Batting: LHB Steven Garcia
|
0-0: Called Strike 0-1: Swinging Strike 0-2: Ball 1-2: Fly out, F8 (Flyball, 8LS, EV 77.5 MPH)
|
| Top of the 5th over - 0 runs, 1 hit, 1 error, 3 left on base; Pawtucket 0 - Waterbury 1 |
| BOTTOM OF THE 5TH |
|
Waterbury Rough Riders batting - Pitching for Pawtucket Paw Sox : RHP Curtis Coward
|
|
Batting: RHB Joseph Pocoroba
|
0-0: Ball 1-0: Swinging Strike 1-1: Ball 2-1: Foul Ball, location: 2F 2-2: Foul Ball, location: 2F 2-2: Strikes out swinging
|
|
Batting: RHB David Corman
|
0-0: Ball 1-0: Foul Ball, location: 2F 1-1: Fly out, F5 (Flyball, 5D, EV 95.0 MPH)
|
|
Batting: RHB Jack Fimple
|
0-0: Called Strike 0-1: Ground out 6-3 (Groundball, 6, EV 82.5 MPH)
|
| Bottom of the 5th over - 0 runs, 0 hits, 0 errors, 0 left on base; Pawtucket 0 - Waterbury 1 |
| TOP OF THE 6TH |
|
Pawtucket Paw Sox batting - Pitching for Waterbury Rough Riders : LHP Ravelo Manzanillo
|
|
Batting: RHB Brick Smith
|
0-0: Ground out 5-3 (Groundball, 56S, EV 82.5 MPH)
|
|
Batting: RHB Dave Malpeso
|
0-0: Called Strike 0-1: Fly out, F7 (Flyball, 7LM, EV 83.8 MPH)
|
|
Batting: LHB Jeff Stone
|
0-0: Ball 1-0: Called Strike 1-1: Foul Ball, location: 2F 1-2: Strikes out swinging
|
| Top of the 6th over - 0 runs, 0 hits, 0 errors, 0 left on base; Pawtucket 0 - Waterbury 1 |
| BOTTOM OF THE 6TH |
|
Waterbury Rough Riders batting - Pitching for Pawtucket Paw Sox : RHP Curtis Coward
|
|
Batting: RHB Billy Beane
|
0-0: Ball 1-0: Ball 2-0: SINGLE (Line Drive, 7LS, EV 91.9 MPH)
|
|
Batting: RHB john W Russell
|
0-0: Fly out, F3 (Popup, 34, EV 72.5 MPH)
|
|
Batting: RHB Dave Wilder
|
0-0: Ball 1-0: Called Strike 1-1: Called Strike 1-2: Ball 2-2: SINGLE (Groundball, 34S, EV 86.9 MPH) (infield hit) Billy Beane to second
|
|
Batting: LHB David Blume
|
0-0: Called Strike 0-1: Called Strike 0-2: Strikes out swinging
|
|
Batting: RHB Daniel Purpura
|
0-0: Ball 1-0: SINGLE (Groundball, 4MD, EV 101.3 MPH) Billy Beane to third Dave Wilder to second Runner from 3rd tries for Home, SAFE, throw by CF to home
|
|
Batting: LHB Wilson Tucker
|
0-0: Foul Ball, location: 2F 0-1: Ball 1-1: Ball 2-1: Fly out, F5 (Popup, 5SF, EV 84.4 MPH)
|
| Bottom of the 6th over - 1 run, 3 hits, 0 errors, 2 left on base; Pawtucket 0 - Waterbury 2 |
| TOP OF THE 7TH |
|
Pawtucket Paw Sox batting - Pitching for Waterbury Rough Riders : LHP Ravelo Manzanillo
|
|
Batting: RHB Robert Duran
|
0-0: Foul Ball, location: 2F 0-1: Foul Ball, location: 2F 0-2: Strikes out swinging
|
|
Batting: LHB David Wiggins
|
0-0: Swinging Strike 0-1: Fly out, F4 (Popup, 4, EV 59.4 MPH)
|
|
Batting: RHB Gary Hargis
|
0-0: Called Strike 0-1: SINGLE (Line Drive, 4D, EV 96.3 MPH)
|
|
Batting: RHB Lenny Faedo
|
0-0: Called Strike 0-1: Ball 1-1: Ball 2-1: Fielders Choice at 2nd, 6-4 (Groundball, 6, EV 85.6 MPH)
|
| Top of the 7th over - 0 runs, 1 hit, 0 errors, 1 left on base; Pawtucket 0 - Waterbury 2 |
| BOTTOM OF THE 7TH |
|
Waterbury Rough Riders batting - Pitching for Pawtucket Paw Sox : RHP Curtis Coward
|
|
Batting: RHB Joseph Pocoroba
|
0-0: Fly out, F7 (Line Drive, 7, EV 91.3 MPH)
|
|
Batting: RHB David Corman
|
0-0: Called Strike 0-1: Ball 1-1: Ball 2-1: Foul Ball, location: 2F 2-2: Foul Ball, location: 2F 2-2: Ball 3-2: Foul Ball, location: 2F 3-2: Base on Balls
|
|
Batting: RHB Jack Fimple
|
0-0: Fielders Choice at 2nd, 4-6 (Groundball, 34, EV 80.6 MPH)
|
|
Batting: RHB Billy Beane
|
0-0: Fly out, F8 (Line Drive, 8RM, EV 106.3 MPH)
|
| Bottom of the 7th over - 0 runs, 0 hits, 0 errors, 1 left on base; Pawtucket 0 - Waterbury 2 |
| TOP OF THE 8TH |
|
Pawtucket Paw Sox batting - Pitching for Waterbury Rough Riders : LHP Ravelo Manzanillo
|
|
Batting: LHB Dave Haberle
|
0-0: Swinging Strike 0-1: Ground out 1-3 (Groundball, 13S, EV 73.1 MPH)
|
|
Batting: LHB Steven Garcia
|
0-0: Foul Ball, location: 2F 0-1: SINGLE (Line Drive, 7LS, EV 111.3 MPH)
|
|
Batting: RHB Brick Smith
|
0-0: Called Strike 0-1: DOUBLE (Line Drive, 89M, EV 96.9 MPH) Steven Garcia to third Runner from 3rd tries for Home, SAFE, no throw by RF
|
|
Batting: RHB Dave Malpeso
|
0-0: Ball 1-0: Called Strike 1-1: Called Strike 1-2: Ball 2-2: Foul Ball, location: 2F 2-2: Ball 3-2: Base on Balls
|
|
Batting: LHB Jeff Stone
|
0-0: Called Strike 0-1: Ball 1-1: Ball 2-1: Ball 3-1: SINGLE (Groundball, 6MD, EV 101.3 MPH) Brick Smith to third Dave Malpeso to second
|
|
Batting: RHB Robert Duran
|
0-0: Ball 1-0: Ball 2-0: Ball 3-0: Called Strike 3-1: Foul Ball, location: 2F 3-2: Foul Ball, location: 2F 3-2: Strikes out swinging
|
|
Batting: LHB David Wiggins
|
0-0: Foul Ball, location: 2F 0-1: Called Strike 0-2: Ball 1-2: Ball 2-2: Foul Ball, location: 2F 2-2: Foul Ball, location: 2F 2-2: Ground out U3 (Groundball, 3S, EV 91.3 MPH)
|
| Top of the 8th over - 1 run, 3 hits, 0 errors, 3 left on base; Pawtucket 1 - Waterbury 2 |
| BOTTOM OF THE 8TH |
|
Waterbury Rough Riders batting - Pitching for Pawtucket Paw Sox : RHP Curtis Coward
|
|
Batting: RHB john W Russell
|
0-0: SINGLE (Groundball, 34D, EV 109.4 MPH)
|
|
Batting: RHB Dave Wilder
|
0-0: Called Strike 0-1: SINGLE (Line Drive, 56D, EV 98.8 MPH) john W Russell to second
|
|
Batting: LHB David Blume
|
0-0: Ball 1-0: Ball 2-0: Ball Wild Pitch! john W Russell to third Dave Wilder to second 3-0: Intentional Walk
|
|
Batting: RHB Daniel Purpura
|
0-0: Foul Ball, location: 2F 0-1: Foul Ball, location: 2F 0-2: SINGLE (Line Drive, 56, EV 96.3 MPH) john W Russell scores Dave Wilder to third David Blume to second
|
|
Batting: LHB Wilson Tucker
|
0-0: Called Strike 0-1: Foul Ball, location: 2F 0-2: SINGLE (Groundball, 23, EV 70.6 MPH) (infield hit) Dave Wilder scores David Blume to third Daniel Purpura to second
|
|
Batting: RHB Joseph Pocoroba
|
0-0: Ball 1-0: Foul Ball, location: 2F 1-1: Foul Ball, location: 2F 1-2: Ball 2-2: Ball 3-2: Fly out, F9 (Line Drive, 9, EV 98.1 MPH) Runner from 3rd tags up, SCORES, no throw by RF
|
|
Batting: RHB David Corman
|
0-0: Swinging Strike 0-1: Ball 1-1: Ball 2-1: Swinging Strike 2-2: Ball 3-2: Foul Ball, location: 2F 3-2: Ground out 4-3 (Groundball, 4M, EV 105.6 MPH) Daniel Purpura to third Wilson Tucker to second
|
|
Batting: RHB Jack Fimple
|
0-0: Ball 1-0: 3-RUN HOME RUN (Flyball, 7LD, EV 94.4 MPH), Distance : 355 ft
|
|
Pitching: RHP Robert Crimian
|
|
|
Batting: RHB Billy Beane
|
0-0: SINGLE (Groundball, 4S, EV 66.3 MPH) (infield hit)
|
|
Batting: RHB john W Russell
|
0-0: Ball 1-0: Ball 2-0: Swinging Strike 2-1: Ball Billy Beane steals 2nd, throwing error, E2 Billy Beane to third 3-1: Ground out U3 (Groundball, 34, EV 100.6 MPH)
|
| Bottom of the 8th over - 6 runs, 6 hits, 1 error, 1 left on base; Pawtucket 1 - Waterbury 8 |
| TOP OF THE 9TH |
|
Pawtucket Paw Sox batting - Pitching for Waterbury Rough Riders : LHP Ravelo Manzanillo
|
|
Batting: RHB Gary Hargis
|
0-0: Ball 1-0: Ground out 5-3 (Groundball, 56S, EV 75.6 MPH)
|
|
Batting: RHB Lenny Faedo
|
0-0: Called Strike 0-1: Fly out, F8 (Flyball, 8RD, EV 90.0 MPH)
|
|
Pinch Hitting: RHB Ted Cox
|
0-0: Ball 1-0: Ball 2-0: Ball 3-0: Called Strike 3-1: Called Strike 3-2: Reached on error, E6 (Groundball, 56, EV 106.9 MPH)
|
|
Batting: LHB Steven Garcia
|
0-0: Ball 1-0: Foul Ball, location: 2F 1-1: Called Strike 1-2: Foul Ball, location: 2F 1-2: Ground out 6-3 (Groundball, 4M, EV 100.6 MPH)
|
| Top of the 9th over - 0 runs, 0 hits, 1 error, 1 left on base; Pawtucket 1 - Waterbury 8 |
|